 Dungeon Crawl Stone Soup version 0.22-a0-542-gce4f928 (webtiles) character file.

841 jerryfan the Sneak (level 8, -1/49 HPs)
             Began as a Halfling Assassin on June 24, 2018.
             Succumbed to a water moccasin's poison
             ... on level 5 of the Dungeon.
             The game lasted 00:22:21 (5160 turns).

jerryfan the Sneak (Halfling Assassin)              Turns: 5160, Time: 00:22:22

Health: -1/49      AC:  4    Str: 11 (12) XL:     8   Next: 19%
Magic:  8/8        EV: 16    Int:  9      God:
Gold:   172        SH:  0    Dex: 13 (18) Spells: 7/7 levels left

rFire    . . .     SeeInvis .   i - +3 fustibalus (freeze)
rCold    . . .     Gourm    .   (shield restricted)
rNeg     . . .     Faith    .   c - +0 robe
rPois    .         Spirit   .   (no helmet)
rElec    .         Reflect  .   d - +0 cloak
rCorr    .         Harm     .   v - +0 pair of gloves
MR       .....                  (no boots)
Stlth    ++++......             (no amulet)
HPRegen  0.16/turn              (no ring)
MPRegen  0.11/turn              (no ring)

@: lethally poisoned (-1 -> -17)
A: small, mutation resistance 1
a: no special abilities


You were on level 5 of the Dungeon.
You were not hungry.

You visited 1 branch of the dungeon, and saw 5 of its levels.

You collected 172 gold pieces.

Inventory:

Hand Weapons
 a - a +2 dagger
 b - a +0 blowgun
 f - a -3 shortbow
 i - a +3 fustibalus of freezing (weapon)
 j - a +1 dagger of speed
 n - a +1 dagger of protection
Missiles
 e - 25 poisoned needles
 h - 199 stones (quivered)
 p - 36 arrows
 q - 7 tomahawks
Armour
 c - a +0 robe (worn)
 d - a +0 cloak (worn)
 v - a +0 pair of gloves (worn)
Wands
 o - a wand of flame (53)
Scrolls
 k - 3 scrolls of identify
 s - a scroll of random uselessness
Comestibles
 g - 8 rations
 l - 3 chunks of flesh


   Skills:
 - Level 1.7 Fighting
 + Level 5.1 Short Blades
 + Level 1.3(4.1) Slings
 + Level 4.2(4.3) Throwing
 + Level 4.2 Dodging
 * Level 7.9 Stealth


You had 7 spell levels left.
You didn't know any spells.
Your spell library contained the following spells:

 Spells                   Type           Power        Failure   Level  Hunger
 Summon Small Mammal      Summ           #...         38%         1    ##.....
 Summon Ice Beast         Ice/Summ       #.......     99%         4    #####..
 Call Imp                 Summ           #.......     52%         2    ###....
 Call Canine Familiar     Summ           #.......     77%         3    ####...
 Summon Lightning Spire   Summ/Air       #.......     99%         4    #####..
 Summon Guardian Golem    Hex/Summ       #.......     77%         3    ####...


Dungeon Overview and Level Annotations

Branches:
Dungeon (6/15)
 Temple: D:4-7

Altars:
Ashenzari

Shops:
D:5 :

Annotations:
D:3 Grinder


Innate Abilities, Weirdness & Mutations

You are small and have problems with some larger weapons.
You are somewhat resistant to further mutation.


Message History

The goblin shoots a stone.
The stone misses you. The gnoll hits you with a club.
* * * LOW HITPOINT WARNING * * *
Firing (i - inventory. (/) - cycle)
h - 201 stones (quivered)
Press: ? - help, Shift-Dir - straight line, f/p - water moccasin
Aim: a water moccasin You shoot a stone.
The stone hits the water moccasin.
The water moccasin seems to slow down.
The stone freezes the water moccasin.
The water moccasin is lightly wounded.
* * * LOW HITPOINT WARNING * * *
You feel sick. The water moccasin misses you.
The goblin shoots a stone.
The stone hits you.
* * * LOW HITPOINT WARNING * * *
The gnoll misses you.
Firing (i - inventory. (/) - cycle)
h - 200 stones (quivered)
Press: ? - help, Shift-Dir - straight line, f/p - water moccasin
Aim: a water moccasin (lightly wounded, slow)
You shoot a stone.
The stone closely misses the water moccasin.
You die...

*,,,,,*,,,,,,,#....#.......#.....
,,,.,,',,,,,,,#.(..#......)'.....
,,,.(.#########....#########.....
,,,....).....#......#..........##
,,,.....(.(.Zg......'...).)).Kg#
,,,.(..(.....#g.....#......)..g##
,,,...#########.(..#########)..K.
,,,.,,',,,,,,,#ZSg.#,......'..ggK
*,,,,,*,,,,,,,#.@).#,......#.....
################''###############
≈≈≈≈≈≈≈≈≈≈≈≈≈≈.....≈≈≈≈≈≈≈≈≈≈≈≈≈≈
≈≈≈≈≈≈≈≈≈≈≈≈≈≈≈....≈≈≈≈≈≈≈≈≈≈≈≈≈≈
≈≈≈≈≈≈≈≈≈≈≈≈≈≈≈...(≈≈≈≈≈≈≈≈≈≈≈≈≈≈
..≈≈.≈..)≈≈≈.≈≈.....≈≈≈≈≈≈.≈≈.≈.≈
........................)........
................)................
..............................)..


You could see a water moccasin, a gnoll, an adder zombie and 2 goblins.

Vanquished Creatures
  Sigmund (D:3)
  2 centaurs (D:5)
  A scorpion (D:5)
  A howler monkey (D:5)
  2 crimson imps
  A hound (D:5)
  A quasit (D:5)
  An orc priest (D:5)
  Jessica (D:3)
  A worker ant (D:6)
  2 adders (D:3)
  5 gnolls (D:5)
  2 oozes (D:1)
  4 worms
  A dart slug (D:2)
  4 leopard geckos
  5 orcs
  7 bats
  3 giant cockroaches
  34 goblins
  18 hobgoblins
  10 jackals
  7 kobolds
  2 quokkas
  2 ball pythons
  5 frilled lizards
  8 rats
131 creatures vanquished.

Notes
Turn   | Place    | Note
-------+----------+-------------------------------------------
     0 | D:1      | jerryfan the Halfling Assassin began the quest for the Orb.
     0 | D:1      | Reached XP level 1. HP: 14/14 MP: 1/1
    44 | D:1      | Reached XP level 2. HP: 19/19 MP: 2/2
   306 | D:1      | Reached XP level 3. HP: 23/24 MP: 3/3
   461 | D:1      | Reached skill level 5 in Stealth
   794 | D:2      | Found a shattered altar of Ashenzari.
   937 | D:2      | Reached XP level 4. HP: 29/29 MP: 4/4
  2033 | D:3      | Noticed Jessica
  2073 | D:3      | Killed Jessica
  2073 | D:3      | Reached XP level 5. HP: 15/34 MP: 5/5
  2353 | D:3      | Noticed Sigmund
  2361 | D:3      | Killed Sigmund
  2361 | D:3      | Reached skill level 6 in Stealth
  2361 | D:3      | Reached XP level 6. HP: 30/39 MP: 6/6
  2751 | D:3      | Noticed Grinder
  2770 | D:3      | Paralysed by Grinder for 6 turns
  2778 | D:3      | You fall through a shaft for 3 floors!
  2857 | D:6      | Reached XP level 7. HP: 33/44 MP: 7/7
  2985 | D:5      | Entered Level 5 of the Dungeon
  3533 | D:5      | Reached skill level 7 in Stealth
  3887 | D:5      | Found Fugif's Book Boutique.
  4258 | D:5      | Identified a scroll of acquirement
  4740 | D:5      | Reached skill level 5 in Short Blades
  4740 | D:5      | Reached XP level 8. HP: 49/49 MP: 8/8
  4768 | D:5      | Reached skill level 1 in Slings
  5159 | D:5      | HP: 1/49 [goblin/stone (3)]
  5160 | D:5      | Succumbed to a water moccasin's poison

Vault maps used:
D:1:      erik_arrival_gehennom
D:2:      hangedman_decor_lopped, nicolae_ashenzari_panopticon
D:3:      first_ration, uniq_sigmund, uniq_grinder, uniq_jessica
D:5:      minmay_goblin_kobold_castle, serial_shops, kennysheep_little_box
D:6:      uniq_menkaure

Skill      XL: |  1  2  3  4  5  6  7  8 |
---------------+-------------------------+-----
Stealth        | 5 6 7 |  7.9
Short Blades   | 3 4 5 |  5.1
Dodging        | 2 3 4 |  4.2
Throwing       | 3 4 |  4.2
Slings         | 1 |  1.3
Fighting       | |  1.7

Action                   |  1- 3 |  4- 6 |  7- 9 || total
-------------------------+-------+-------+-------++-------
Melee: Dagger            |    75 |   230 |   337 ||   642
 Fire: Blowgun           |       |     5 |    19 ||    24
       Fustibalus        |       |       |    40 ||    40
Throw: Tomahawk          |       |     8 |    37 ||    45
  Use: Potion            |     1 |     3 |     3 ||     7
       Scroll            |       |     1 |     6 ||     7
 Stab: Sleeping          |    10 |    11 |     1 ||    22
       Distracted        |       |       |     1 ||     1
  Eat: Chunk             |       |     6 |     4 ||    10
       Ration            |       |       |     2 ||     2
Armor: Robe              |     6 |    48 |   144 ||   198
Dodge: Dodged            |    37 |   142 |   375 ||   554

Table legend:
 A = Spawn XP
 B = Non-spawn XP
 C = Spawn XP percentage of total XP
 D = Spawn monster count
 E = Non-spawn monster count
 F = Spawn count percentage of total count
 G = Total turns spent on level
                    A         B        C        D         E        F      G
               +---------+---------+-------+---------+---------+-------+---------
         Total |       0 |    1202 |   0.0 |       0 |     131 |   0.0 |  5160
               +---------+---------+-------+---------+---------+-------+---------
           D:1 |       0 |      56 |   0.0 |       0 |      26 |   0.0 |   789
           D:2 |       0 |      46 |   0.0 |       0 |      22 |   0.0 |  1138
           D:3 |       0 |     341 |   0.0 |       0 |      28 |   0.0 |   851
           D:5 |       0 |     671 |   0.0 |       0 |      50 |   0.0 |  2175
           D:6 |       0 |      88 |   0.0 |       0 |       5 |   0.0 |   207
               +---------+---------+-------+---------+---------+-------+---------
